 Dungeon Crawl Stone Soup version 0.25.1-2-g60ff931df9 (webtiles) character file.

Game seed: 15063621843187263254

118 gruber the Stinger (level 5, -3/31 HPs)
             Began as an Octopode Venom Mage on Nov 17, 2020.
             Slain by an orc wizard
             ... wielding a +0 dagger
              (5 damage)
             ... on level 3 of the Dungeon.
             The game lasted 00:02:03 (2459 turns).

gruber the Stinger (Octopode Venom Mage)            Turns: 2459, Time: 00:02:03

Health: -3/31      AC:  1    Str:  7    XL:     5   Next: 2%
Magic:  2/8        EV: 13    Int: 18    God:
Gold:   147        SH:  0    Dex: 13    Spells: 1/8 levels left

rFire    . . .     SeeInvis .   (no weapon)
rCold    + . .     Gourm    .   (no shield)
rNeg     . . .     Faith    .   (helmet restricted)
rPois    .         Spirit   .   (no amulet)
rElec    .         Reflect  .   (no ring)
rCorr    .         Harm     .   (no ring)
MR       .....                  (no ring)
Stlth    +++.......             (no ring)
HPRegen  0.10/turn              (no ring)
MPRegen  0.11/turn              (no ring)
                                (no ring)
                                (no ring)

@: no status effects
A: almost no armour, stealthy swim, amphibious, 8 rings, constrict 8, camouflage
1, cold resistance 1, gelatinous body 1, evolution 1, subdued magic 1
a: no special abilities


You were on level 3 of the Dungeon.
You were not hungry.

You visited 1 branch of the dungeon, and saw 3 of its levels.

You collected 147 gold pieces.

Inventory:

Jewellery
 j - an uncursed amulet of reflection {unknown}
Scrolls
 a - 3 scrolls of remove curse {unknown}
 c - a scroll of teleportation {unknown}
 e - 2 scrolls of amnesia {unknown}
 h - a scroll of immolation {unknown}
Potions
 g - a potion of cancellation {unknown}
 i - a potion of degeneration {unknown}
Comestibles
 b - 7 rations
 d - 2 chunks of flesh


   Skills:
 - Level 2.0 Dodging
 - Level 2.6 Stealth
 - Level 2.0 Spellcasting
 - Level 1.0 Transmutations
 + Level 6.7 Poison Magic


You had one spell level left.
You knew the following spells:

 Your Spells              Type           Power        Failure   Level  Hunger
a - Sting                 Tmut/Pois      ##..         2%          1    #......
b - Mephitic Cloud        Conj/Pois/Air  #.......     19%         3    ###....
c - Ignite Poison         Fire/Tmut/Pois #.......     16%         3    ###....

Your spell library contained the following spells:

 Spells                   Type           Power        Failure   Level  Hunger
 Poisonous Vapours        Pois/Air       ##....       5%          2    ###....
 Olgreb's Toxic Radiance  Pois           ###.....     10%         4    #####..


Dungeon Overview and Level Annotations

Branches:
Dungeon (3/15)

Altars:
Zin


Innate Abilities, Weirdness & Mutations

You cannot wear most types of armour.
You are very stealthy in the water. (Stealth+)
You are amphibious.
You can wear up to eight rings at the same time.
You can use your tentacles to constrict eight enemies at once.
Your skin changes colour to match your surroundings (Stealth+).
Your rubbery body absorbs attacks. (AC +1, EV +1)
Your flesh is cold resistant. (rC+)
You evolve.
Your spells are a little easier to cast, but a little less powerful.


Message History

The orc is heavily wounded.
You constrict the orc, but do no damage.
You tentacle-slap the orc but do no damage.
The orc is heavily wounded.
You constrict the orc, but do no damage.
The orc hits you with a +0 war axe!
* * * LOW HITPOINT WARNING * * *
Unknown command.
Unknown command.
Casting: Sting (safe; 2% risk of failure)
Confirm with . or Enter, or press ? or * to list all spells.
Aiming: Sting (safe; 2% risk of failure)
Press: ? - help, Shift-Dir - straight line, f - orc
Aim: an orc, wielding a +0 war axe and wearing a +0 leather armour (heavily wounded, constricted by you)
The sting hits the orc.
The orc is poisoned.
The orc is severely wounded.
You constrict the orc.
You kill the orc!
The orc wizard hits you with a +0 dagger.
You die...

....... ..... ..... .). .o.
#.# #........# #o#
#........# #@# #........#
#........#.# ####........#.
#......)S#.# .........(..#.
#........#.# .............
#........#.#######.......#
...................รท)..(###
#........#.#....#######(...
.........#.#....# #####..
#........#.#....# #...[..


You could see an orc wizard (fast) and an orc.

Vanquished Creatures
  An orc wizard (D:3)
  Terence (D:2)
  3 adders
  A leopard gecko (D:1)
  5 orcs (D:3)
  3 bats
  4 giant cockroaches
  3 goblins (D:1)
  A hobgoblin (D:1)
  4 jackals (D:2)
  A ball python (D:1)
  2 frilled lizards
  3 kobolds
  2 rats (D:3)
34 creatures vanquished.

Notes
Turn   | Place    | Note
-------+----------+-------------------------------------------
     0 | D:1      | gruber the Octopode Venom Mage began the quest for the Orb.
     0 | D:1      | Reached XP level 1. HP: 11/11 MP: 3/3
    49 | D:1      | Reached skill level 4 in Poison Magic
   366 | D:1      | Reached XP level 2. HP: 10/17 MP: 5/5
  1375 | D:2      | Noticed Terence
  1391 | D:2      | Killed Terence
  1391 | D:2      | Reached skill level 5 in Poison Magic
  1391 | D:2      | Reached XP level 3. HP: 11/21 MP: 1/6
  1808 | D:2      | Learned a level 3 spell: Mephitic Cloud
  1940 | D:2      | Found a glowing silver altar of Zin.
  2101 | D:3      | Reached XP level 4. HP: 25/27 MP: 7/7
  2106 | D:3      | Learned a level 3 spell: Ignite Poison
  2318 | D:3      | Reached skill level 6 in Poison Magic
  2331 | D:3      | Gained mutation: You evolve. [potion of mutation]
  2331 | D:3      | Gained mutation: Your spells are a little easier to cast,
                  | but a little less powerful. [potion of mutation]
  2331 | D:3      | Gained mutation: Your flesh is cold resistant. (rC+)
                  | [potion of mutation]
  2454 | D:3      | Reached XP level 5. HP: 22/31 MP: 2/8
  2459 | D:3      | Slain by an orc wizard

Illustrated notes

Levels and vault maps discovered:
D:1:      lightli_arrival_noodles, layout_loops_corners, st_stairs_2,
          wander_ebering_terrifying_dragon_lair
D:2:      layout_loops_ring, overflow_temple_1_default, uniq_terence
D:3:      layout_basic, nrook_uturn, makhleb_blood_cavern_becter,
          uniq_crazy_yiuf_cottage, uniq_grinder

Skill      XL: |  1  2  3  4 |
---------------+-------------+-----
Poison Magic   | 4 5 6 |  6.7
Dodging        | |  2.0
Stealth        | |  2.6
Spellcasting   | |  2.0
Transmutations | |  1.0

Action                   |  1- 3 |  4- 6 || total
-------------------------+-------+-------++-------
Melee: Unarmed           |    58 |    35 ||    93
       Constrict         |    15 |     8 ||    23
       Tentacles         |    12 |     6 ||    18
 Cast: Sting             |    16 |    14 ||    30
       Mephitic Cloud    |       |     1 ||     1
  Use: Potion            |       |     2 ||     2
 Stab: Sleeping          |     7 |       ||     7
  Eat: Chunk             |     4 |     1 ||     5
Armor: Skin              |     6 |     3 ||     9
Dodge: Dodged            |    53 |    21 ||    74
